 Dungeon Crawl Stone Soup version 0.28.0-49-g6dfe1f597d (webtiles) character file.

Game seed: 16426552448489515668

2102 klau3 the Cleaver (level 9, -2/120 HPs)
             Began as a Minotaur Berserker on May 16, 2022.
             Was a Priest of Trog.
             Slain by an orc warrior
             ... wielding a +0 glaive
              (10 damage)
             ... on level 6 of the Dungeon.
             The game lasted 00:14:58 (6113 turns).

klau3 the Cleaver (Minotaur Berserker)              Turns: 6113, Time: 00:14:59

Health: -2/120     AC: 13    Str: 24    XL:     9   Next: 7%
Magic:  8/8        EV:  8    Int: 10    God:    Trog [***...]
Gold:   209        SH:  0    Dex: 12    Spells: 8/8 levels left

rFire   + . .      SeeInvis .   L - +2 war axe (elec)
rCold   + . .      Faith    .   (no shield)
rNeg    . . .      Spirit   .   P - +0 plate armour
rPois   .          Reflect  .   d - +0 hat
rElec   .          Harm     .   O - scarf {rC+ rF+}
rCorr   +          Rampage  .   (no gloves)
Will    .....                   (no boots)
Stlth   ..........              G - amulet of regeneration
HPRegen 1.10/turn               y - +6 ring of intelligence
MPRegen 0.11/turn               H - ring of resist corrosion

@: berserking, very quick
A: horns 2, retaliatory headbutt
a: Renounce Religion, Berserk, Trog's Hand


You were on level 6 of the Dungeon.
You worshipped Trog.
Trog was most pleased with you.
You visited 1 branch of the dungeon, and saw 6 of its levels.

You collected 209 gold pieces.

Inventory:

Hand Weapons
 a - a +0 hand axe
 k - a +0 vorpal shortbow
 v - a +0 war axe
 J - a +0 shortbow
 L - a +2 war axe of electrocution (weapon)
Missiles
 p - 42 arrows
 s - 6 poisoned darts
 u - 5 boomerangs
Armour
 b - a +0 animal skin
 d - a +0 hat (worn)
 r - a +0 ring mail
 B - a +0 scale mail
 O - a scarf of resistance (worn)
 P - a +0 plate armour (worn)
Jewellery
 y - a +6 ring of intelligence (left hand)
 G - an amulet of regeneration (around neck)
 H - a ring of resist corrosion (right hand)
 M - a ring of flight
Wands
 o - a wand of paralysis (7)
 q - a wand of iceblast (9)
 F - a wand of flame (13)
Scrolls
 f - a scroll of blinking {unknown}
 g - a scroll of torment {unknown}
 j - a scroll of silence {unknown}
 l - 3 scrolls of immolation
 m - 3 scrolls of fog {unknown}
 n - a scroll of fear {unknown}
 w - 2 scrolls of identify
 x - 2 scrolls of teleportation {unknown}
 z - 3 scrolls of enchant weapon
 C - 2 scrolls of enchant armour {unknown}
 E - 2 scrolls of acquirement {unknown}
 I - 2 scrolls of vulnerability {unknown}
 K - a scroll of amnesia {unknown}
Potions
 c - a potion of resistance {unknown}
 e - 4 potions of curing
 h - 5 potions of berserk rage
 i - 2 potions of heal wounds {unknown}
 t - a potion of might {unknown}
 A - a potion of brilliance {unknown}
 D - a potion of lignification {unknown}
 N - 3 potions of haste {unknown}
 Q - a potion of attraction {unknown}


   Skills:
 + Level 7.6 Fighting
 + Level 10.2 Axes
 + Level 6.6 Armour
 + Level 4.3 Dodging
 + Level 2.3 Stealth


You had 8 spell levels left.
You didn't know any spells.
Your spell library was empty.

Dungeon Overview and Level Annotations

Branches:
Dungeon (6/15)             Temple (0/1) D:5

Altars:
Vehumet
The Shining One

Shops:
D:5 [


Innate Abilities, Weirdness & Mutations

You have a pair of horns on your head.
You reflexively headbutt those who attack you in melee.


Message History

The puff of frost hits you. You resist.
The orc warrior hits you from afar with a +0 glaive!
You hit the white imp.
The white imp is moderately wounded.
The white imp gestures at you.
The puff of frost hits you but does no damage.
The orc warrior closely misses you.
You completely miss the white imp.
The white imp is moderately wounded.
You closely miss the orc. The white imp gestures at you.
The puff of frost hits you but does no damage.
You resist.
You slice the white imp!!
You kill the white imp!
Trog accepts your kill.
You hit the orc. The orc hits you but does no damage.
The orc priest calls down the wrath of Beogh upon you.
You struggle to resist.
The orc warrior hits you from afar with a +0 glaive!
* * * LOW HITPOINT WARNING * * *
The orc hits you but does no damage.
The orc priest invokes the aid of Beogh against you.
Beogh smites you!
* * * LOW HITPOINT WARNING * * *
Things that are here:
a +0 hand axe; a +0 leather armour You hit the orc warrior.
The orc warrior is lightly wounded.
You slash the orc!
You kill the orc!
Trog accepts your kill.
You closely miss the white imp. You slash the orc priest!
You kill the orc priest!
Trog accepts your kill.
The orc warrior hits you with a +0 glaive!
* * * LOW HITPOINT WARNING * * *
The white imp hits you but does no damage.
The orc warrior hits you with a +0 glaive!
You die...

#...........# .
#...........#
.####...........#
...#...........####
####.#.......".....$#
>...................#
#.........5)......# #.
#..........)o.$...# ....
#..........@o.....# ....
#....).............
.##.####.#)#########....
..........)....... ....
...........#####.# ...
...........### .
.............###
...............#
...............#


You could see an orc warrior, an orc priest and a white imp.

Vanquished Creatures
  Eustachio (D:5)
  2 water moccasins
  A hornet zombie (D:5)
  3 black bears
  An ice beast (D:6)
  2 necrophages
  2 ogres (D:5)
  A centaur (D:5)
  A phantom (D:4)
  A wyvern zombie (D:5)
  A howler monkey (D:6)
  3 bullfrog zombies
  A centaur zombie (D:5)
  4 hounds
  5 orc priests
  2 bullfrog skeletons
  Ijyb (D:3)
  An iguana (D:5)
  An orc wizard (D:5)
  3 adders
  A shadow imp (D:5)
  3 white imps
  An adder skeleton (D:4)
  2 worms (D:3)
  2 dart slugs
  21 orcs
  5 endoplasms
  2 giant cockroaches (D:2)
  10 goblins
  5 hobgoblins
  5 jackals
  2 quokkas
  3 ball pythons
  6 bats
  3 frilled lizards
  11 kobolds
  9 rats
128 creatures vanquished.

Notes
Turn   | Place    | Note
-------+----------+-------------------------------------------
     0 | D:1      | klau3 the Minotaur Berserker began the quest for the Orb.
     0 | D:1      | Reached XP level 1. HP: 19/19 MP: 0/0
   162 | D:1      | Found a faded altar of an unknown god.
   189 | D:1      | Reached XP level 2. HP: 27/27 MP: 1/1
   223 | D:1      | Reached skill level 4 in Axes
   638 | D:1      | Reached ** piety under Trog
   817 | D:1      | Reached XP level 3. HP: 27/34 MP: 2/2
  1955 | D:2      | Reached XP level 4. HP: 29/41 MP: 3/3
  2624 | D:3      | Noticed Ijyb
  2630 | D:3      | Killed Ijyb
  3230 | D:3      | Reached skill level 5 in Axes
  3230 | D:3      | Reached XP level 5. HP: 41/47 MP: 4/4
  3575 | D:4      | Reached skill level 5 in Fighting
  3588 | D:4      | Noticed a black bear
  3599 | D:4      | Killed a black bear
  3600 | D:4      | Reached skill level 1 in Stealth
  3641 | D:4      | Reached XP level 6. HP: 48/56 MP: 5/5
  3651 | D:4      | Reached skill level 6 in Axes
  3877 | D:4      | Found a glowing golden altar of the Shining One.
  4423 | D:4      | Reached *** piety under Trog
  4674 | D:5      | Entered Level 5 of the Dungeon
  4686 | D:5      | Reached skill level 7 in Axes
  4686 | D:5      | Reached XP level 7. HP: 61/61 MP: 6/6
  4726 | D:5      | HP: 3/61 [orc priest/+0 dagger (2)]
  4731 | D:5      | HP: 2/61 [something/magic dart (3)]
  4925 | D:5      | Noticed Eustachio
  4950 | D:5      | Killed Eustachio
  5015 | D:5      | Reached skill level 8 in Axes
  5160 | D:5      | Found Kyhamn's Armour Shop.
  5195 | D:5      | Reached XP level 8. HP: 70/70 MP: 7/7
  5296 | D:5      | Reached skill level 5 in Armour
  5333 | D:5      | Found a staircase to the Ecumenical Temple.
  5635 | D:5      | Reached skill level 9 in Axes
  5888 | D:6      | Found a radiant altar of Vehumet.
  5970 | D:6      | Reached skill level 10 in Axes
  6082 | D:6      | Reached XP level 9. HP: 60/79 MP: 8/8
  6113 | D:6      | Slain by an orc warrior

Illustrated notes

Levels and vault maps discovered:
D:1:      ncdulo_lavacross, layout_basic, ebering_ecumenical_altar_box
D:2:      layout_basic
D:3:      layout_basic, supply_closet_lemuel, nrook_mini_backslash,
          kennysheep_generic_room_5, uniq_ijyb
D:4:      layout_loops_corners, kennysheep_little_box, chequers_decorated_corner
D:5:      minmay_recursive_quarters, layout_loops_ring,
          minmay_temple_entry_mist, serial_shops, shop, uniq_eustachio
D:6:      layout_basic, nicolae_vehumet_radiance

Skill      XL: |  1  2  3  4  5  6  7  8 |
---------------+-------------------------+-----
Fighting       | 4 5 6 7 |  7.6
Axes           | 4 5 7 8 10 | 10.2
Dodging        | 3 4 |  4.3
Armour         | 3 4 6 |  6.6
Stealth        | 1 2 |  2.3

Action                   |  1- 3 |  4- 6 |  7- 9 || total
-------------------------+-------+-------+-------++-------
Melee: Hand axe          |    68 |    35 |       ||   103
       Headbutt          |     9 |    18 |    20 ||    47
       War axe           |       |    46 |   113 ||   159
Invok: Berserk           |       |     6 |     5 ||    11
       Trog's Hand       |       |       |     3 ||     3
  Use: Scroll            |       |       |     2 ||     2
       Potion            |       |       |     1 ||     1
Armor: Animal skin       |    16 |     3 |       ||    19
       Ring mail         |       |    19 |       ||    19
       Scale mail        |       |    14 |    44 ||    58
       Plate armour      |       |       |    10 ||    10
Dodge: Dodged            |    68 |    56 |    83 ||   207
